3L
MONTANA PANDAS @ SEATTLE AVIATORS
05/07/2024
 
TOP OF THE 1ST
Montana Pandas batting - Pitching for Seattle Aviators : RHP Rex Hood
Pitching: RHP Rex Hood
Batting: LHB Mike Pace 0-0: Foul Ball, location: 2F
0-1: Ball
1-1: Ball
2-1: Ball
3-1: Ground out 4-3 (Groundball, 4)
Batting: RHB Pancho Salaedo 0-0: Foul Ball, location: 2F
0-1: TRIPLE (Flyball, 7LS)
Batting: LHB Steve Riggs 0-0: Ball
1-0: Foul Ball, location: 2F
1-1: SINGLE (Groundball, 34D)
Pancho Salaedo scores
Batting: RHB Johnny Bryant 0-0: DOUBLE (Line Drive, 9LS)
Steve Riggs to third
Batting: LHB Qi-zhen Loong 0-0: Called Strike
0-1: SINGLE (Groundball, 4MD)
Steve Riggs scores
Johnny Bryant to third
Batting: RHB Jorge Rivera 0-0: Called Strike
0-1: Ball
1-1: Called Strike
1-2: Grounds into double play, U4-3 (Groundball, 4)
Top of the 1st over - 2 run(s), 4 hit(s), 0 error(s), 1 left on base; Montana 2 - Seattle 0
BOTTOM OF THE 1ST
Seattle Aviators batting - Pitching for Montana Pandas : RHP Ash Hardy
Pitching: RHP Ash Hardy
Batting: LHB Kenny Webster 0-0: Foul Ball, location: 2F
0-1: Ground out 6-3 (Groundball, 6M)
Batting: RHB Brian Williams 0-0: Ball
1-0: Fly out, F7 (Flyball, 7M)
Batting: RHB Sean Davis 0-0: Ball
1-0: Ball
2-0: Called Strike
2-1: Called Strike
2-2: Ball
3-2: Base on Balls
Batting: LHB Jorge Mojica 0-0: Called Strike
0-1: Ball
1-1: Fly out, F9 (Flyball, 9D)
Bottom of the 1st over - 0 run(s), 0 hit(s), 0 error(s), 1 left on base; Montana 2 - Seattle 0
TOP OF THE 2ND
Montana Pandas batting - Pitching for Seattle Aviators : RHP Rex Hood
Batting: RHB Félix Aguilar 0-0: SINGLE (Groundball, 56)
Batting: RHB Javier Hernández 0-0: Called Strike
0-1: Ball
1-1: Ball
2-1: DOUBLE (Line Drive, 7LM)
Félix Aguilar to third
Runner from 3rd tries for Home, SAFE, no throw or cutoff
Batting: LHB Theodore Shaw 0-0: Ground out 4-3 (Groundball, 34)
Javier Hernández to third
Batting: LHB Mike Pace 0-0: Ball
1-0: Ground out 6-3 (Groundball, 6M)
Javier Hernández scores
Batting: RHB Pancho Salaedo 0-0: Ball
1-0: Ball
2-0: TRIPLE (Flyball, 8RXD)
Batting: LHB Steve Riggs 0-0: SINGLE (Line Drive, 4M)
Pancho Salaedo scores
Batting: RHB Johnny Bryant 0-0: Ball
1-0: Called Strike
1-1: Ball
2-1: Ground out 4-3 (Groundball, 4)
Top of the 2nd over - 3 run(s), 4 hit(s), 0 error(s), 1 left on base; Montana 5 - Seattle 0
BOTTOM OF THE 2ND
Seattle Aviators batting - Pitching for Montana Pandas : RHP Ash Hardy
Batting: RHB Tanyu Kimura 0-0: Fly out, F7 (Flyball, 7D)
Batting: RHB Clarence Fox 0-0: SINGLE (Line Drive, 4D)
Batting: RHB Vernon Caw 0-0: Fly out, F8 (Popup, 6MD)
Batting: RHB Jay Parker 0-0: Ball
1-0: Ball
2-0: Called Strike
2-1: Ball
3-1: Base on Balls
Clarence Fox to second
Batting: RHB Kenzaburo Hori 0-0: Called Strike
0-1: Ball
1-1: Foul Ball, location: 2F
1-2: Ball
2-2: SINGLE (Line Drive, 34)
Clarence Fox to third
Jay Parker to second
Runner from 3rd tries for Home, SAFE, no throw or cutoff
Batting: LHB Kenny Webster 0-0: Ground out 1-3 (Groundball, 13)
Bottom of the 2nd over - 1 run(s), 2 hit(s), 0 error(s), 2 left on base; Montana 5 - Seattle 1
TOP OF THE 3RD
Montana Pandas batting - Pitching for Seattle Aviators : RHP Rex Hood
Batting: LHB Qi-zhen Loong 0-0: Ball
1-0: Ball
2-0: Ball
3-0: Called Strike
3-1: Foul Ball, location: 2F
3-2: Base on Balls
Batting: RHB Jorge Rivera 0-0: Ball
1-0: Ball
2-0: Ball
3-0: Called Strike
3-1: Foul Ball, location: 2F
3-2: Foul Ball, location: 2F
3-2: Grounds into double play, 4-6-3 (Groundball, 4)
Batting: RHB Félix Aguilar 0-0: Swinging Strike
0-1: Ground out 4-3 (Groundball, 4)
Top of the 3rd over - 0 run(s), 0 hit(s), 0 error(s), 0 left on base; Montana 5 - Seattle 1
BOTTOM OF THE 3RD
Seattle Aviators batting - Pitching for Montana Pandas : RHP Ash Hardy
Batting: RHB Brian Williams 0-0: Foul Ball, location: 2F
0-1: Ball
1-1: Ball
2-1: Ball
3-1: Base on Balls
Batting: RHB Sean Davis 0-0: Ball
Wild Pitch!
Brian Williams to second
1-0: Foul Ball, location: 2F
1-1: Ball
2-1: Called Strike
2-2: Ball
3-2: Foul Ball, location: 2F
3-2: Ground out 5-3 (Groundball, 56)
Batting: LHB Jorge Mojica 0-0: Fly out, F5 (Popup, 5F)
Batting: RHB Tanyu Kimura 0-0: Ball
1-0: Ball
2-0: Called Strike
2-1: Called Strike
2-2: Strikes out swinging
Bottom of the 3rd over - 0 run(s), 0 hit(s), 0 error(s), 1 left on base; Montana 5 - Seattle 1
TOP OF THE 4TH
Montana Pandas batting - Pitching for Seattle Aviators : RHP Rex Hood
Batting: RHB Javier Hernández 0-0: Swinging Strike
0-1: Ground out 4-3 (Groundball, 4)
Batting: LHB Theodore Shaw 0-0: Ground out 4-3 (Groundball, 4M)
Batting: LHB Mike Pace 0-0: Called Strike
0-1: Ball
1-1: Swinging Strike
1-2: Ground out 4-3 (Groundball, 34)
Top of the 4th over - 0 run(s), 0 hit(s), 0 error(s), 0 left on base; Montana 5 - Seattle 1
BOTTOM OF THE 4TH
Seattle Aviators batting - Pitching for Montana Pandas : RHP Ash Hardy
Batting: RHB Clarence Fox 0-0: Foul Ball, location: 2F
0-1: Ball
1-1: Foul Ball, location: 2F
1-2: Strikes out looking
Batting: RHB Vernon Caw 0-0: Called Strike
0-1: Ball
1-1: Swinging Strike
1-2: Strikes out swinging
Batting: RHB Jay Parker 0-0: Called Strike
0-1: Ball
1-1: Called Strike
1-2: Strikes out swinging
Bottom of the 4th over - 0 run(s), 0 hit(s), 0 error(s), 0 left on base; Montana 5 - Seattle 1
TOP OF THE 5TH
Montana Pandas batting - Pitching for Seattle Aviators : RHP Rex Hood
Batting: RHB Pancho Salaedo 0-0: Ball
1-0: Foul Ball, location: 2F
1-1: Ball
2-1: Foul Ball, location: 2F
2-2: SINGLE (Line Drive, 34)
Batting: LHB Steve Riggs 0-0: Called Strike
0-1: Swinging Strike
0-2: Foul Ball, location: 2F
0-2: Fly out, F7 (Line Drive, 7M)
Batting: RHB Johnny Bryant 0-0: Ball
1-0: Called Strike
1-1: Ball
2-1: Swinging Strike
2-2: Grounds into double play, 6-4-3 (Groundball, 6)
Top of the 5th over - 0 run(s), 1 hit(s), 0 error(s), 0 left on base; Montana 5 - Seattle 1
BOTTOM OF THE 5TH
Seattle Aviators batting - Pitching for Montana Pandas : RHP Ash Hardy
Batting: RHB Kenzaburo Hori 0-0: Called Strike
0-1: Swinging Strike
0-2: Foul Ball, location: 2F
0-2: Ball
1-2: Ground out 5-3 (Groundball, 56S)
Batting: LHB Kenny Webster 0-0: Ball
1-0: Ball
2-0: Called Strike
2-1: Foul Ball, location: 2F
2-2: Foul Ball, location: 2F
2-2: Ball
3-2: DOUBLE (Line Drive, 3D)
Batting: RHB Brian Williams 0-0: Fly out, F4 (Popup, 4D)
Pitching: RHP Salvador Parra
Batting: RHB Sean Davis 0-0: Ball
1-0: Ball
2-0: Ball
3-0: Base on Balls
Batting: LHB Jorge Mojica 0-0: Fly out, F4 (Line Drive, 4)
Bottom of the 5th over - 0 run(s), 1 hit(s), 0 error(s), 2 left on base; Montana 5 - Seattle 1
TOP OF THE 6TH
Montana Pandas batting - Pitching for Seattle Aviators : RHP Rex Hood
Batting: LHB Qi-zhen Loong 0-0: Called Strike
0-1: Ball
1-1: Ball
2-1: Ball
3-1: Base on Balls
Batting: RHB Jorge Rivera 0-0: Ball
1-0: Ball
Wild Pitch!
Qi-zhen Loong to second
2-0: Foul Ball, location: 2F
2-1: Ground out 5-3 (Groundball, 5S)
Qi-zhen Loong to third
Batting: RHB Félix Aguilar 0-0: Ball
1-0: Ball
2-0: Ground out 4-3 (Groundball, 4MS)
Qi-zhen Loong scores
Batting: RHB Javier Hernández 0-0: Foul Ball, location: 2F
0-1: Swinging Strike
0-2: Reached on error, E6 (Groundball, 56)
Pitching: RHP Ken Frost
Batting: LHB Theodore Shaw 0-0: Called Strike
0-1: Ball
1-1: Ball
2-1: Swinging Strike
2-2: SINGLE (Groundball, 25) (infield hit)
Javier Hernández to third
Batting: LHB Mike Pace 0-0: Foul Ball, location: 2F
0-1: TRIPLE (Line Drive, 89M)
Javier Hernández scores
Theodore Shaw scores
Batting: RHB Pancho Salaedo 0-0: Ball
1-0: Ball
2-0: Foul Ball, location: 2F
2-1: Called Strike
2-2: Ball
3-2: Base on Balls
Batting: LHB Steve Riggs 0-0: 3-RUN HOME RUN (Flyball, 9D), Distance : 360 ft
Batting: RHB Johnny Bryant 0-0: Called Strike
0-1: Foul Ball, location: 2F
0-2: Ball
1-2: Foul Ball, location: 2F
1-2: Strikes out swinging
Top of the 6th over - 6 run(s), 3 hit(s), 1 error(s), 0 left on base; Montana 11 - Seattle 1
BOTTOM OF THE 6TH
Seattle Aviators batting - Pitching for Montana Pandas : RHP Salvador Parra
Batting: RHB Tanyu Kimura 0-0: Ball
1-0: Swinging Strike
1-1: SINGLE (Line Drive, 56)
Batting: RHB Clarence Fox 0-0: Foul Ball, location: 2F
0-1: Ball
1-1: Called Strike
1-2: Strikes out looking
Batting: RHB Vernon Caw 0-0: Called Strike
Tanyu Kimura steals 2nd base
0-1: Ball
1-1: Ball
2-1: Fly out, F8 (Line Drive, 8RS)
Batting: RHB Jay Parker 0-0: Ball
1-0: Foul Ball, location: 2F
1-1: Ground out 4-3 (Groundball, 4)
Bottom of the 6th over - 0 run(s), 1 hit(s), 0 error(s), 1 left on base; Montana 11 - Seattle 1
TOP OF THE 7TH
Montana Pandas batting - Pitching for Seattle Aviators : RHP Ken Frost
Pitching: RHP Dominic Parker
Batting: LHB Qi-zhen Loong 0-0: Ball
1-0: Called Strike
1-1: Ball
2-1: Foul Ball, location: 2F
2-2: Strikes out swinging
Batting: RHB Jorge Rivera 0-0: Ball
1-0: Ball
2-0: Fly out, F4 (Popup, 4D)
Batting: RHB Félix Aguilar 0-0: Foul Ball, location: 2F
0-1: Ball
1-1: Ball
2-1: Ball
3-1: Foul Ball, location: 2F
3-2: Fly out, F7 (Flyball, 7LM)
Top of the 7th over - 0 run(s), 0 hit(s), 0 error(s), 0 left on base; Montana 11 - Seattle 1
BOTTOM OF THE 7TH
Seattle Aviators batting - Pitching for Montana Pandas : RHP Salvador Parra
Batting: RHB Kenzaburo Hori 0-0: Called Strike
0-1: Swinging Strike
0-2: Strikes out looking
Batting: LHB Kenny Webster 0-0: Foul Ball, location: 2F
0-1: Ball
1-1: Ball
2-1: Ball
3-1: Called Strike
3-2: Base on Balls
Batting: RHB Brian Williams 0-0: Swinging Strike
0-1: Called Strike
0-2: Ball
1-2: Foul Ball, location: 2F
1-2: Strikes out swinging
Batting: RHB Sean Davis 0-0: Called Strike
0-1: Ball
1-1: Fly out, F9 (Flyball, 9LS)
Bottom of the 7th over - 0 run(s), 0 hit(s), 0 error(s), 1 left on base; Montana 11 - Seattle 1
TOP OF THE 8TH
Montana Pandas batting - Pitching for Seattle Aviators : RHP Dominic Parker
Batting: RHB Javier Hernández 0-0: Ball
1-0: Ground out 4-3 (Groundball, 4)
Batting: LHB Theodore Shaw 0-0: Ball
1-0: Ball
2-0: Called Strike
2-1: SINGLE (Groundball, 34D)
Batting: LHB Mike Pace 0-0: Ball
1-0: Swinging Strike
1-1: Fielders Choice at 2nd, 1-6 (Groundball, 13)
Batting: RHB Pancho Salaedo 0-0: Ball
1-0: Ball
2-0: Called Strike
2-1: Foul Ball, location: 2F
2-2: Foul Ball, location: 2F
2-2: Strikes out swinging
Top of the 8th over - 0 run(s), 1 hit(s), 0 error(s), 1 left on base; Montana 11 - Seattle 1
BOTTOM OF THE 8TH
Seattle Aviators batting - Pitching for Montana Pandas : RHP Salvador Parra
Batting: LHB Jorge Mojica 0-0: Ground out 6-3 (Groundball, 6M)
Batting: RHB Tanyu Kimura 0-0: Ball
1-0: Ball
2-0: Ball
3-0: Called Strike
3-1: Foul Ball, location: 2F
3-2: Foul Ball, location: 2F
3-2: SINGLE (Line Drive, 78S)
Batting: RHB Clarence Fox 0-0: Called Strike
0-1: Fly out, F8 (Line Drive, 8LD)
Batting: RHB Vernon Caw 0-0: Called Strike
0-1: Foul Ball, location: 2F
0-2: Strikes out looking
Bottom of the 8th over - 0 run(s), 1 hit(s), 0 error(s), 1 left on base; Montana 11 - Seattle 1
TOP OF THE 9TH
Montana Pandas batting - Pitching for Seattle Aviators : RHP Dominic Parker
Batting: LHB Steve Riggs 0-0: Swinging Strike
0-1: Foul Ball, location: 2F
0-2: Strikes out swinging
Batting: RHB Johnny Bryant 0-0: Called Strike
0-1: Called Strike
0-2: Strikes out looking
Batting: LHB Qi-zhen Loong 0-0: Called Strike
0-1: Foul Ball, location: 2F
0-2: Foul Ball, location: 2F
0-2: Ground out 6-3 (Groundball, 6)
Top of the 9th over - 0 run(s), 0 hit(s), 0 error(s), 0 left on base; Montana 11 - Seattle 1
BOTTOM OF THE 9TH
Seattle Aviators batting - Pitching for Montana Pandas : RHP Salvador Parra
Batting: RHB Jay Parker 0-0: Swinging Strike
0-1: Ball
1-1: Ball
2-1: Ball
3-1: Foul Ball, location: 2F
3-2: Base on Balls
Pitching: LHP Tomás Galván
Batting: RHB Kenzaburo Hori 0-0: Foul Ball, location: 2F
0-1: Foul Ball, location: 2F
0-2: Fielders Choice at 2nd, 5-4 (Groundball, 5L)
Batting: LHB Kenny Webster 0-0: Ball
1-0: Ball
2-0: Foul Ball, location: 2F
2-1: Grounds into double play, U6-3 (Groundball, 6M)
Bottom of the 9th over - 0 run(s), 0 hit(s), 0 error(s), 0 left on base; Montana 11 - Seattle 1
This league is powered by Out of the Park Baseball, the baseball management simulation game for PC, Mac and Linux
Monday, October 3rd, 2016 - OOTP Baseball 16.9 Build 39